 Dungeon Crawl Stone Soup version 0.21-a0-125-gb006224 (webtiles) character file.

168 uglyjohn the Covered (level 5, -4/42 HPs)
             Began as a Demonspawn Monk on July 14, 2017.
             Killed by divine providence
             ... invoked by an orc priest
              (12 damage)
             ... on level 3 of the Dungeon.
             The game lasted 00:05:36 (3264 turns).

uglyjohn the Covered (Demonspawn Monk)              Turns: 3264, Time: 00:05:37

Health: -4/42      AC:  8    Str: 12    XL:     5   Next: 23%
Magic:  0/5        EV: 11    Int: 12    God:
Gold:   86         SH:  0    Dex: 15    Spells: 4/4 levels left

rFire    . . .     SeeInvis .   n - -1 spear (curse)
rCold    . . .     Gourm    .   (no shield)
rNeg     . . .     Faith    .   d - +0 ring mail
rPois    .         Spirit   +   (no helmet)
rElec    .         Reflect  .   (no cloak)
rCorr    .         Harm     .   (no gloves)
MR       .....                  (no boots)
Stlth    +.........             (no amulet)
HPRegen  0.14/turn              h - ring of loudness (curse)
MPRegen  0.09/turn              i - ring of stealth

@: no status effects
A: hooves 1, thin metallic scales 2, magic shield
a: no special abilities


You were on level 3 of the Dungeon.
You were hungry.

You visited 1 branch of the dungeon, and saw 3 of its levels.

You collected 86 gold pieces.

Inventory:

Hand Weapons
 n - a cursed -1 spear (weapon)
Armour
 a - a +0 robe
 d - a +0 ring mail (worn)
Jewellery
 h - a cursed ring of loudness (left hand)
 i - a ring of stealth (right hand)
Wands
 c - a wand of flame (21/48)
 m - a wand of random effects (18/48)
Scrolls
 j - a scroll of fear
Potions
 f - a potion of flight {unknown}
 l - a potion of ambrosia {unknown}
 o - a potion of curing
Comestibles
 b - 2 bread rations
 g - 2 royal jellies


   Skills:
 + Level 3.7 Fighting
 + Level 4.0 Armour
 - Level 2.6 Dodging
 - Level 1.7 Stealth
 - Level 2.6 Unarmed Combat


You had 4 spell levels left.
You didn't know any spells.

Dungeon Overview and Level Annotations

Branches:
Dungeon (3/15)

Altars:
Trog
Xom
The Shining One


Innate Abilities, Weirdness & Mutations

You have large cloven feet.
You are mostly covered in thin metallic scales. (AC +3)
When hurt, damage is shared between your health and your magic reserves.


Message History

Unknown command.
Unknown command.
It was a potion of curing.
You feel better.
The orc priest mumbles some strange prayers to Beogh against you.
Beogh smites you!
* * * LOW HITPOINT WARNING * * *
You hit the orc priest but do no damage.
Your kick misses the orc priest.
The orc priest is lightly wounded.
The orc priest casts a cantrip, but nothing happens.
You hit the orc priest.
The orc priest is lightly wounded.
The orc priest hits you with a dagger of venom.
* * * LOW HITPOINT WARNING * * *
You hit the orc priest.
You kick the orc priest, but do no damage.
The orc priest is moderately wounded.
The orc priest invokes the aid of Beogh against you.
Beogh smites you!
You die...

.. . #####.
####?...#####
............####.#
#..o.............#
#..S..##.##.######
#....
#o#..############
#...
#@#........>....#
##(
#.#############.##
# #.( ...# #.##
#### #####.###.##
#.........##
#.###.###### #.
#.# # #.###.# #
##+#.....# #


You could see an orc priest.

Vanquished Creatures
  A hound (D:3)
  4 adders
  3 gnolls
  An ooze (D:1)
  3 worms (D:2)
  3 dart slugs
  2 leopard geckos
  2 orcs (D:3)
  3 ball pythons (D:2)
  A giant cockroach (D:3)
  6 goblins
  6 hobgoblins
  2 jackals (D:2)
  4 bats
  2 frilled lizards
  6 kobolds
  6 rats
55 creatures vanquished.

Notes
Turn   | Place    | Note
-------+----------+-------------------------------------------
     0 | D:1      | uglyjohn the Demonspawn Monk began the quest for the Orb.
     0 | D:1      | Reached XP level 1. HP: 18/18 MP: 1/1
   183 | D:1      | Reached skill level 1 in Armour
   558 | D:1      | Gained mutation: You are partially covered in thin metallic scales. (AC +2) [demonic ancestry]
   558 | D:1      | Reached XP level 2. HP: 24/24 MP: 2/2
   726 | D:1      | Reached skill level 2 in Armour
  1212 | D:2      | Gained mutation: You are mostly covered in thin metallic scales. (AC +3) [demonic ancestry]
  1212 | D:2      | Reached XP level 3. HP: 10/29 MP: 3/3
  1436 | D:2      | Found a shimmering altar of Xom.
  1455 | D:2      | Found a bloodstained altar of Trog.
  1926 | D:2      | Reached skill level 3 in Armour
  2015 | D:1      | Gained mutation: When hurt, damage is shared between your health and your magic reserves. [demonic ancestry]
  2015 | D:1      | Reached XP level 4. HP: 16/35 MP: 4/4
  3081 | D:2      | Found a glowing golden altar of the Shining One.
  3221 | D:3      | Gained mutation: You have large cloven feet. [demonic ancestry]
  3221 | D:3      | Reached XP level 5. HP: 37/41 MP: 3/5
  3232 | D:3      | Reached skill level 4 in Armour
  3264 | D:3      | Killed from afar by an orc priest

Vault maps used:
D:1:      sevenhm_arrival_forest_fort_small_6
D:2:      xom_teletrap_fun, lemuel_coloured_pillars_altar, first_bread,
          bloody_trog
D:3:      lemuel_crystal_altar, marbit_many_paths,
          amethyst_overflow_temple_binary, okawaru_gym_becter, minivault_26

Skill      XL: |  1  2  3  4  5 |
---------------+----------------+-----
Armour         | 1 2 3 4 |  4.0
Fighting       | |  3.7
Dodging        | |  2.6
Stealth        | |  1.7
Unarmed Combat | |  2.6

Action                   |  1- 3 |  4- 6 || total
-------------------------+-------+-------++-------
Melee: Unarmed           |   132 |     9 ||   141
       Punch             |     1 |     2 ||     3
       Spear             |       |   174 ||   174
       Kick              |       |    12 ||    12
Evoke: Wand              |     4 |       ||     4
  Use: Scroll            |     3 |     2 ||     5
       Potion            |       |     2 ||     2
 Stab: Sleeping          |       |     2 ||     2
  Eat: Chunk             |     3 |     4 ||     7
Armor: Ring mail         |    32 |    50 ||    82
Dodge: Dodged            |    73 |    78 ||   151
